 Dungeon Crawl Stone Soup version 0.30-a0-782-ge64f9170bb (webtiles) character file.

Game seed: 4739792326410218624

746 Leeroy the Carver (level 7, -14/56 HPs)
             Began as a Merfolk Monk on Mar 4, 2023.
             Demolished by an ice beast (18 damage)
             ... on level 5 of the Dungeon.
             The game lasted 00:04:14 (3862 turns).

Leeroy the Carver (Merfolk Monk)                    Turns: 3862, Time: 00:04:14

Health: -14/56     AC:  4    Str: 12    XL:     7   Next: 77%
Magic:  7/7        EV: 14    Int:  9    God:
Gold:   218        SH:  0    Dex: 18    Spells: 6/6 levels left

rFire   + . .      SeeInvis .    k - +4 dagger (venom)
rCold   x . .      Faith    +    (no shield)
rNeg    . . .      Spirit   .    b - +0 robe
rPois   .          Reflect  .    d - +0 helmet
rElec   .          Harm     .    (no cloak)
rCorr   .          Rampage  .    (no gloves)
Will    .....                    j - +0 pair of boots
Stlth   +++                      o - amulet of faith
HPRegen 0.29/turn                v - ring of fire
MPRegen 0.10/turn                (no ring)

@: no status effects
A: (nimble swimmer 2), mertail
a: no special abilities


You were on level 5 of the Dungeon.
You visited 1 branch of the dungeon, and saw 5 of its levels.

You collected 238 gold pieces.
You spent 20 gold pieces at shops.

Inventory:

Hand Weapons
 a - a +0 falchion
 k - a +4 dagger of venom (weapon)
 w - a +0 dagger of speed
 z - a +2 short sword of speed
Missiles
 q - 12 poisoned darts (quivered)
Armour
 b - a +0 robe (worn)
 d - a +0 helmet (worn)
 j - a +0 pair of boots (worn)
Magical Staves
 A - a staff of death
Jewellery
 o - an amulet of faith (around neck)
 v - a ring of fire (left hand)
Wands
 t - a wand of flame (16)
Scrolls
 f - 2 scrolls of poison
 h - a scroll of torment {unknown}
 i - a scroll of vulnerability
 n - a scroll of teleportation
 s - a scroll of silence
 x - a scroll of enchant weapon
 y - a scroll of identify
Potions
 e - 4 potions of curing {unknown}
 g - a potion of brilliance {unknown}
 l - 2 potions of berserk rage {unknown}
 m - a potion of attraction {unknown}
 p - 2 potions of lignification {unknown}
 r - a potion of magic {unknown}
 u - a potion of might {unknown}
 B - a potion of mutation {unknown}


   Skills:
 - Level 5.0 Fighting
 - Level 8.1 Long Blades
 + Level 4.6 Dodging
 - Level 5.4 Stealth


You had 6 spell levels left.
You didn't know any spells.
Your spell library contained the following spells:

 Spells                   Type           Power      Damage    Failure   Level
 Apportation              Tloc           0%         N/A       38%         1
 Necrotise                Necr           0%         1d4       38%         1
 Summon Small Mammal      Summ           0%         N/A       38%         1
 Cigotuvi's Dreadful Rot  Necr/Pois/Air  0%         N/A       52%         2
 Poisonous Vapours        Pois/Air       0%         N/A       52%         2
 Mephitic Cloud           Conj/Pois/Air  0%         N/A       77%         3
 Malign Gateway           Summ/Tloc      0%         N/A       100%        7
 Summon Horrible Things   Summ           0%         N/A       100%        8


Dungeon Overview and Level Annotations

Branches:
Dungeon (5/15)
 Temple: D:4-7

Altars:
Qazlal

Shops:
D:4 [?


Innate Abilities, Weirdness & Mutations

((You are very nimble when in or above water. (Stealth+, EV+, Speed+++)))
Your lower body shifts to a powerful aquatic tail in water.


Message History

The ice beast is lightly wounded.
The ice beast closely misses you.
An orc priest comes into view. It is wielding a +5 whip.
You hit the ice beast.
The ice beast is moderately wounded.
The ice beast closely misses you.
You hit the ice beast.
You punch the ice beast, but do no damage.
The ice beast is heavily wounded.
You barely miss the ice beast.
The ice beast is heavily wounded.
The ice beast hits you but does no damage.
An orc comes into view. It is wielding a +1 dagger of venom.
You hit the ice beast.
The ice beast is heavily wounded.
The orc hits you but does no damage. The ice beast misses you.
You hit the ice beast but do no damage.
The ice beast is poisoned.
The ice beast is heavily wounded.
An orc wizard comes into view. It is wielding a +0 dagger.
The ice beast hits you. The ice beast freezes you!
You feel a terrible chill! The orc hits you with a +0 dagger.
You are too injured to fight recklessly!
You are too injured to fight recklessly!
You are too injured to fight recklessly!
The orc wizard shouts!
You hit the orc.
The orc is poisoned.
The orc is heavily wounded.
The ice beast hits you. The ice beast freezes you!!
You feel a terrible chill!
* * * LOW HITPOINT WARNING * * *
The orc wizard gestures wildly while chanting.
The orc wizard flickers and vanishes!
Deactivating autopickup; reactivate with Ctrl-A.
You kill the orc!
The ice beast attacks as you move away!
The ice beast hits you but does no damage.
The ice beast attacks as you move away! The ice beast barely misses you.
The ice beast attacks as you move away! The ice beast hits you.
* * * LOW HITPOINT WARNING * * *
The ice beast freezes you!!
You feel a terrible chill!
You die...

##...# ##. #....# ##..
#....# ...##....#
.........# #......#
#.....##
#.).o.Y#####...
#...###@.......
####o### ##...###. #
#.#..# ..## ..##...##
#.## #........# ###.#
. .........##....# ..
#............#..##
##...
#.....{.....###..##...
..##.....#..# #.#..


You could see an ice beast (poisoned) and an orc priest.

Vanquished Creatures
  Sigmund (D:2)
  Duvessa (D:4)
  An ogre (D:4)
  A necrophage (D:4)
  A scorpion (D:4)
  Dowan (D:4)
  A hound (D:4)
  Ijyb (D:3)
  7 adders
  5 worms
  A dart slug (D:2)
  10 orcs
  9 endoplasms
  7 giant cockroaches
  7 hobgoblins
  5 quokkas
  8 ball pythons
  3 bats
  3 frilled lizards
  5 goblins
  8 kobolds
  11 rats
97 creatures vanquished.

Vanquished Creatures (others)
  2 plants (D:3)
2 creatures vanquished.

Grand Total: 99 creatures vanquished

Notes
Turn   | Place    | Note
-------+----------+-------------------------------------------
     0 | D:1      | Leeroy the Merfolk Monk began the quest for the Orb.
     0 | D:1      | Reached XP level 1. HP: 18/18 MP: 1/1
    31 | D:1      | Found a faded altar of an unknown god.
   108 | D:1      | Reached skill level 4 in Long Blades
   180 | D:1      | Reached XP level 2. HP: 23/24 MP: 2/2
   715 | D:2      | Reached skill level 5 in Long Blades
   715 | D:2      | Reached XP level 3. HP: 29/29 MP: 3/3
   875 | D:2      | Noticed Sigmund
   895 | D:2      | Killed Sigmund
   896 | D:2      | Reached skill level 7 in Long Blades
   896 | D:2      | Reached XP level 4. HP: 22/35 MP: 4/4
   896 | D:2      | Reached XP level 5. HP: 26/41 MP: 5/5
  1146 | D:2      | Reached XP level 6. HP: 40/47 MP: 6/6
  1424 | D:2      | Reached skill level 8 in Long Blades
  1789 | D:3      | Noticed Ijyb
  1803 | D:3      | Killed Ijyb
  2242 | D:3      | Found a stormy altar of Qazlal.
  2657 | D:4      | Reached skill level 5 in Stealth
  2657 | D:4      | Reached XP level 7. HP: 11/52 MP: 7/7
  2803 | D:4      | Found The Oracle's Delphic Readings.
  2807 | D:4      | Bought a scroll of identify for 20 gold pieces
  3505 | D:4      | Found Epaoribo's Armour Emporium.
  3547 | D:4      | Noticed Duvessa
  3548 | D:4      | Noticed Dowan
  3584 | D:4      | Killed Duvessa
  3585 | D:4      | Reached skill level 5 in Fighting
  3607 | D:4      | HP: 2/56 [Dowan/shard of ice (15)]
  3609 | D:4      | Killed Dowan
  3818 | D:5      | Entered Level 5 of the Dungeon
  3862 | D:5      | Demolished by an ice beast

Illustrated notes

Levels and vault maps discovered:
D:1:      tarquinn_simple_flora_water_c, layout_basic,
          ebering_ecumenical_altar_sacrificial, hangedman_feature_mirror
D:2:      layout_basic, uniq_sigmund
D:3:      layout_basic, amcnicky_altar_gilded, corner_web_ring,
          minmay_shallow_snake_nest, uniq_ijyb
D:4:      cheibrodos_helix_gallery, layout_gridville, serial_shops, shop,
          eino_small_chamber_without_monster, nicolae_nh_oracle_at_delphi,
          uniq_duvessa
D:5:      layout_layer_cave, corexii_corridor_pit, uniq_pikel

Skill      XL: |  1  2  3  4  5  6  7 |
---------------+----------------------+-----
Long Blades    | 4 5 7 8 |  8.1
Stealth        | 5 |  5.4
Fighting       | 5 |  5.0
Dodging        | |  4.6

Action                     |  1- 3 |  4- 6 |  7- 9 || total
---------------------------+-------+-------+-------++-------
  Melee: Falchion          |    15 |     4 |       ||    19
         Dagger            |    54 |   131 |    58 ||   243
         Punch             |     1 |     4 |     1 ||     6
    Use: Scroll            |       |       |     5 ||     5
         Potion            |       |       |     2 ||     2
   Stab: Distracted        |     2 |     1 |       ||     3
         Sleeping          |     6 |    14 |     1 ||    21
 Armour: Robe              |     4 |    14 |    12 ||    30
  Dodge: Dodged            |    27 |    63 |    27 ||   117

Table legend: (Time is in decaauts)
 A = Elapsed time spent in this place.
 B = Non-inter-level travel time spent in this place.
 C = Inter-level travel time spent in this place.
 D = Time resting spent in this place.
 E = Time spent auto-exploring this place.
 F = Levels seen in this place.
 G = Mean time per level.
                   A        B        C        D        E       F      G
               +--------+--------+--------+--------+--------+-----+--------+
         Total |   3801 |   3754 |     47 |      2 |   3025 |   5 |  760.2 |
       Dungeon |   3801 |   3754 |     47 |      2 |   3025 |   5 |  760.2 |
               +--------+--------+--------+--------+--------+-----+--------+

Top non-repeatable levels by time:
     D:4: 1396 daAuts
     D:2: 934 daAuts
     D:3: 720 daAuts
     D:1: 709 daAuts
     D:5: 41 daAuts
